Map: Port Aleksander LE

Players

Harstem - Winner!

  • Race: Protoss Protoss
  • Spawn Location: 5:00

ShaDoWn

  • Race: Protoss Protoss
  • Spawn Location: 11:00

Event: 2019 WCS Spring

VOD

Have the link to the VOD?

Description

Time

  • Played on: May 17, 2019, 12:23 p.m.
  • Length: 9:36

All games in this series

Show
View Real Time Build Order
Export as new Build Order

Harstem Protoss - Winner!

Build Orders: Oracle Opening, Phoenix Opening, Zealot Archon 

Get SALT Encoding   

  12  0:00  Probe  
  13  0:12  Probe  
  14  0:18  Pylon  
  14  0:24  Probe  
  15  0:32  Probe  
  15  0:40  Probe, Gateway  
  17  0:50  Assimilator  
  17  0:51  Probe  
  17  0:56  Assimilator  
  18  0:59  Probe  
  19  1:07  Probe  
  19  1:09  Gateway  
  19  1:17  Probe  
  21  1:26  Cybernetics Core  
  21  1:29  Probe  
  22  1:37  Pylon  
  22  1:41  Probe  
  23  1:55  Probe  
  24  2:03  Stalker, Warp Gate, Sentry  
  29  2:11  Pylon  
  28  2:31  Stargate  
  28  2:40  Phoenix  
  28  2:45  Nexus  
  28  2:54  Probe  
  28  2:56  Stalker  
  31  3:04  Oracle  
  31  3:08  Probe  
  32  3:17  Pylon  
  35  3:20  Probe  
  36  3:32  Oracle, Probe  
  37  3:48  Probe, Forge  
  41  3:55  Stalker  
  43  3:57  Pylon  
  43  4:04  Probe  
  43  4:05  Probe  
  45  4:13  Stalker  
  45  4:16  Probe  
  48  4:17  Protoss Ground Weapons Level 1  
  48  4:18  Probe  
  49  4:28  Probe  
  51  4:34  Stalker  
  51  4:37  Probe, Shield Battery  
  53  4:45  Probe x2  
  55  4:53  Probe  
  55  4:57  Probe  
  55  4:58  Assimilator  
  51  5:00  Stalker, Assimilator  
  51  5:04  Probe  
  54  5:09  Probe, Robotics Facility  
  55  5:16  Probe  
  55  5:18  Probe  
  54  5:22  Shield Battery  
  54  5:24  Stalker x2  
  54  5:26  Probe  
  54  5:28  Probe  
  59  5:34  Pylon  
  60  5:35  Probe  
  60  5:40  Probe  
  62  5:48  Immortal, Probe  
  68  5:58  Pylon  
  68  6:00  Probe  
  68  6:01  Twilight Council  
  68  6:04  Sentry  
  68  6:07  Probe  
  71  6:23  Observer  
  71  6:30  Probe x2  
  74  6:33  Gateway x2  
  74  6:36  Immortal  
  74  6:39  Charge  
  74  6:40  Protoss Ground Weapons Level 2  
  74  6:42  Gateway  
  78  6:57  Gateway, Templar Archives  
  78  7:02  Gateway  
  78  7:04  Pylon  
  78  7:05  Gateway  
  78  7:06  Immortal  
  78  7:11  Pylon  
  82  7:27  Phoenix  
  81  7:37  High Templar  
  81  7:38  Zealot x3, High Templar  
  81  7:43  Pylon  
  81  7:44  Archon  
  91  7:46  Nexus  
  91  7:47  Warp Prism  
  93  7:55  Pylon  
  93  7:59  High Templar x2  
  93  8:00  Zealot  
  93  8:03  Pylon  
  93  8:04  Archon  
  99  8:09  Probe  
  99  8:19  Zealot x4  
  107  8:30  High Templar  
  107  8:31  High Templar  
  111  8:34  Probe  
  111  8:35  Archon  
  111  8:40  Zealot x4  
  120  8:46  Zealot x2  
  124  8:50  Pylon  
  124  9:07  Zealot x2, High Templar  
  124  9:08  High Templar  
  124  9:09  Zealot x3  
  138  9:12  Archon  
  134  9:18  Zealot  
  118  9:29  Zealot x5  
Show
View Real Time Build Order
Export as new Build Order

ShaDoWn Protoss 

Build Orders: Oracle Opening 

Get SALT Encoding   

  12  0:00  Probe  
  13  0:12  Probe  
  14  0:17  Pylon  
  14  0:24  Probe  
  15  0:32  Probe  
  15  0:37  Gateway  
  15  0:40  Probe  
  16  0:47  Assimilator  
  17  0:51  Probe  
  17  0:55  Assimilator  
  18  1:01  Probe  
  19  1:09  Probe, Gateway  
  19  1:17  Probe  
  21  1:26  Cybernetics Core  
  21  1:29  Probe  
  22  1:35  Pylon  
  22  1:41  Probe  
  23  1:53  Probe  
  24  2:02  Stalker, Sentry  
  24  2:04  Warp Gate  
  24  2:06  Probe  
  29  2:15  Pylon  
  29  2:18  Probe  
  30  2:31  Stargate  
  30  2:50  Nexus  
  30  2:54  Probe  
  31  3:05  Oracle  
  30  3:06  Stalker, Probe  
  35  3:18  Probe  
  37  3:25  Pylon  
  37  3:30  Probe  
  38  3:41  Probe  
  38  3:47  Twilight Council  
  39  3:49  Probe  
  40  3:56  Shield Battery  
  40  3:57  Probe  
  40  3:58  Stalker, Probe  
  44  4:05  Stalker  
  44  4:07  Probe  
  44  4:08  Probe, Blink  
  47  4:18  Probe  
  47  4:20  Probe  
  47  4:22  Stalker  
  51  4:27  Probe  
  52  4:32  Probe  
  52  4:35  Probe  
  53  4:41  Stalker  
  53  4:45  Probe x2  
  57  4:47  Pylon  
  57  4:51  Assimilator  
  54  4:57  Probe x2  
  52  5:01  Stalker  
  52  5:04  Stalker  
  56  5:09  Probe  
  56  5:10  Probe  
  58  5:21  Probe  
  59  5:22  Probe  
  59  5:26  Stalker  
  62  5:33  Forge, Probe  
  62  5:34  Probe  
  64  5:39  Shield Battery  
  64  5:45  Probe  
  64  5:48  Probe  
  66  5:50  Nexus  
  66  5:53  Pylon  
  66  5:56  Assimilator  
  67  6:04  Probe  
  67  6:09  Charge  
  67  6:10  Robotics Facility  
  67  6:11  Protoss Ground Weapons Level 1  
  67  6:20  Gateway  
  67  6:21  Probe, Gateway  
  68  6:35  Probe  
  68  6:39  Gateway x2  
  69  6:47  Gateway  
  69  6:48  Probe  
  69  6:51  Gateway  
  69  6:52  Gateway  
  69  6:53  Probe  
  71  6:58  Templar Archives  
  71  7:03  Immortal  
  71  7:08  Probe  
  77  7:21  Zealot x4  
  84  7:24  Shield Battery  
  84  7:27  Pylon  
  84  7:34  Immortal  
  88  7:48  Probe x2  
  90  7:51  High Templar x3  
  90  7:54  Pylon  
  96  7:58  Photon Cannon  
  96  8:04  Photon Cannon  
  96  8:05  Photon Cannon  
  96  8:07  Immortal, High Templar, Archon  
  96  8:08  Zealot  
  96  8:12  Zealot x2  
  102  8:13  Archon  
  106  8:29  Zealot  
  106  8:33  Pylon x2  
  102  8:45  Zealot x3  
  108  8:51  Zealot x3  
  108  8:52  Zealot x2  
  118  9:00  Zealot  
  117  9:07  Zealot x3  
  123  9:14  Zealot  
  125  9:20  Pylon  
  125  9:21  Zealot x4, Pylon  
  99  9:26  Zealot  
  99  9:29  Zealot x2  
Tags
 
Add a new tag
Caveats
  • Supply blocks, unpowered buildings, or Contaminate may cause inaccurate times.
  • Supply counts are checked every 10 seconds.